 Dungeon Crawl Stone Soup version 0.31-a0-360-gb3e1d13bf4 (webtiles) character file.

Game seed: 1600144190226298895

3784 Shard1697 the Cleaver (level 9, 0/86 HPs)
             Began as an Armataur Gladiator on July 26, 2023.
             Was an Initiate of Gozag.
             Slain by a two-headed ogre
             ... wielding a +0 giant club
              (20 damage)
             ... on level 8 of the Dungeon.
             The game lasted 00:10:54 (8805 turns).

Shard1697 the Cleaver (Armataur Gladiator)          Turns: 8805, Time: 00:10:55

Health: 0/86       AC: 12    Str: 22    XL:     9   Next: 95%
Magic:  9/9        EV:  6    Int:  9    God:    Gozag
Gold:   309        SH:  0    Dex: 13    Spells: 8/8 levels left

rFire   . . .        b - +4 morningstar
rCold   + . .        (no shield)
rNeg    + . .        q - +2 chain mail {rC+}
rPois   .            c - +0 helmet
rElec   .            D - +0 cloak
rCorr   .            i - +0 pair of gloves
SInv    +            (no barding)
Will    .....        (no amulet) Stlth
                     w - ring of positive energy
HPRegen 0.34/turn    E - ring of see invisible
MPRegen 0.11/turn

%: roll
@: no status effects
A: large, rugged brown scales 3, deformed body, armoured tail, roll, long
tongue, awkward tongue
a: Renounce Religion, Potion Petition, Call Merchant, Bribe Branch


You were on level 8 of the Dungeon.
You worshipped Gozag.
Gozag was aware of your devotion.
You visited 2 branches of the dungeon, and saw 9 of its levels.
You also visited: Sewer.

You collected 509 gold pieces.
You spent 56 gold pieces at shops.
You paid 144 gold pieces to Gozag.

Inventory:

Hand Weapons
 a - a +0 war axe
 b - a +4 morningstar (weapon)
Missiles
 z - a javelin
Armour
 c - a +0 helmet (worn)
 i - a +0 pair of gloves (worn)
 q - a +2 chain mail of cold resistance (worn)
 D - a +0 cloak (worn)
Jewellery
 r - a ring of ice
 v - an amulet of magic regeneration
 w - a ring of positive energy (left hand)
 E - a ring of see invisible (right hand)
Wands
 s - a wand of iceblast (4)
Scrolls
 f - a scroll of revelation {unknown}
 g - 2 scrolls of noise {unknown}
 j - a scroll of vulnerability {unknown}
 m - a scroll of enchant armour
 n - a scroll of fog {unknown}
 o - 3 scrolls of poison {unknown}
 p - a scroll of fear {unknown}
 t - a scroll of blinking {unknown}
 u - a scroll of torment {unknown}
 x - 3 scrolls of teleportation {unknown}
 y - a scroll of enchant weapon {unknown}
Potions
 e - 3 potions of curing
 h - a potion of cancellation
 k - a potion of resistance
 l - a potion of lignification
 A - 2 potions of brilliance
 B - a potion of mutation
 C - a potion of ambrosia


   Skills:
 + Level 8.1 Fighting
 + Level 10.0 Axes
 - Level 1.7 Throwing
 - Level 2.1 Dodging


You had 8 spell levels left.
You didn't know any spells.
Your spell library contained the following spells:

 Spells                   Type           Power      Damage    Failure   Level
 Apportation              Tloc           0%         N/A       97%         1
 Kiss of Death            Conj/Necr      0%         2d5       97%         1
 Necrotise                Necr           0%         1d4       97%         1
 Shock                    Conj/Air       0%         1d3       97%         1
 Slow                     Hex            0%         N/A       97%         1
 Summon Small Mammal      Summ           0%         N/A       97%         1
 Confusing Touch          Hex            0%         N/A       100%        3
 Inner Flame              Hex/Fire       0%         N/A       100%        3
 Swiftness                Air            0%         N/A       100%        3
 Vampiric Draining        Necr           0%         2d6       100%        3
 Vhi's Electric Charge    Tloc/Air       0%         N/A       100%        3
 Airstrike                Air            0%         2d(0-16)  100%        4
 Arcjolt                  Conj/Air       0%         1d10      100%        5
 Yara's Violent Unravell  Hex/Tmut       0%         3d3       100%        5
 Enfeeble                 Hex            0%         N/A       100%        7
 Maxwell's Capacitive Co  Air            0%         ∞         100%        8


Dungeon Overview and Level Annotations

Branches:
Dungeon (8/15)             Temple (1/1) D:7           Sewer (visited)
   Lair: D:8-11

Altars:
Ashenzari
Cheibriados
Dithmenos
Elyvilon
Fedhas
Gozag
Hepliaklqana
Kikubaaqudgha
Makhleb
Nemelex Xobeh
Okawaru
Qazlal
Ru
Sif Muna
Trog
Uskayaw
Vehumet
Yredelemnul
Zin
The Shining One

Shops:
D:2 *=?(


Innate Abilities, Weirdness & Mutations

You are completely covered in rugged brown scales. (AC +3, +7% HP)
Armour fits poorly on your strangely shaped body.
You have a long armoured tail.
You roll when moving toward enemies. (Rampage)
Your long tongue fully drains potion bottles. (2x potion effects)
Your tongue gives you trouble enunciating. (1.5x scroll delay)


Message History

A two-headed ogre comes into view. It is wielding two +0 giant clubs.
You roll towards the two-headed ogre!
The two-headed ogre shouts in stereo!
The two-headed ogre hits you with a +0 giant club! x2
You puncture the two-headed ogre! You tail-slap the two-headed ogre.
The two-headed ogre is lightly wounded.
The two-headed ogre hits you with a +0 giant club! x2
Throw: throwing net
Press: ? - help, Q - select action, (/) - cycle Shift-Dir - straight line, f - two-headed ogre
Aim: a two-headed ogre, wielding two +0 giant clubs (lightly wounded, 74% to hit)
You throw a throwing net.
The throwing net hits the two-headed ogre.
The two-headed ogre is caught in the net!
The two-headed ogre is lightly wounded.
The two-headed ogre struggles against the net.
You roll towards the two-headed ogre!
You hit the two-headed ogre.
The two-headed ogre is lightly wounded.
The two-headed ogre struggles against the net. x2
You bludgeon the two-headed ogre!!
The two-headed ogre is heavily wounded.
The two-headed ogre struggles against the net.
You puncture the two-headed ogre!
The two-headed ogre is severely wounded.
The two-headed ogre struggles against the net.
You puncture the two-headed ogre!
The two-headed ogre is almost dead.
The two-headed ogre struggles against the net.
The net rips apart, and the two-headed ogre comes free!
You hit the two-headed ogre.
The two-headed ogre is almost dead.
The two-headed ogre closely misses you.
The two-headed ogre hits you with a +0 giant club.
You hit the two-headed ogre but do no damage.
You tail-slap the two-headed ogre, but do no damage.
The two-headed ogre is almost dead.
The two-headed ogre hits you with a +0 giant club!
* * * LOW HITPOINT WARNING * * *
The two-headed ogre hits you with a +0 giant club!!
You die...
Your body crumbles into a pile of gold.

#.. #.# ... #.#
#. #"# # ## #
#. .###.# #..
### #.....#
#.##
#.##.......
...##
#.#.O....# #..#
#..@# $
###.###..##
#....##..# ##
#........# ..
#....##.### ..
#[.......># .#
#####.....##..#
#........#
#...<.####


You could see a two-headed ogre.

Vanquished Creatures
  A two-headed ogre (D:8)
  Sigmund (D:4)
  A wyvern (D:4)
  Eustachio (D:4)
  A steam dragon (D:8)
  Pargi (Sewer)
  A black bear (D:7)
  2 ice beasts
  4 ogres
  2 kobold brigands
  3 bullfrogs
  A scorpion (D:5)
  A howler monkey (D:5)
  2 jellies (D:6)
  Crazy Yiuf (D:7)
  A gnoll bouda (D:7)
  8 orc priests
  3 sleepcaps
  4 hounds
  5 iguanas
  Ijyb (D:3)
  Natasha (thrice) (D:3)
  14 orc wizards
  Robin (D:3)
  11 gnolls
  5 adders
  2 shadow imps (D:7)
  2 white imps (D:5)
  3 ufetubi (D:5)
  A dart slug (D:2)
  40 orcs
  6 endoplasms
  5 giant cockroaches
  13 goblins
  6 hobgoblins
  3 jackals (D:4)
  7 quokkas
  6 ball pythons
  12 bats
  2 frilled lizards
  17 kobolds
  7 rats
211 creatures vanquished.

Notes
Turn   | Place    | Note
-------+----------+-------------------------------------------
     0 | D:1      | Shard1697 the Armataur Gladiator began the quest for the
                  | Orb.
     0 | D:1      | Reached XP level 1. HP: 18/18 MP: 1/1
   104 | D:1      | Reached skill level 3 in Axes
   104 | D:1      | Reached XP level 2. HP: 25/25 MP: 2/2
   105 | D:1      | Found a faded altar of an unknown god.
   562 | D:2      | Found Voufas's Magic Scroll Emporium.
   567 | D:2      | Bought a scroll of identify for 28 gold pieces
   568 | D:2      | Bought a scroll of identify for 28 gold pieces
   580 | D:2      | Found Jarymaod's Jewellery Boutique.
   637 | D:2      | Reached XP level 3. HP: 31/31 MP: 3/3
   809 | D:2      | Found Weakeq's Weapon Shoppe.
   926 | D:2      | Found Tuafris's General Store.
  1357 | D:2      | Found a glowing silver altar of Zin.
  1464 | D:3      | Reached skill level 4 in Axes
  1651 | D:3      | Reached XP level 4. HP: 38/38 MP: 4/4
  1655 | D:3      | Noticed Robin
  1685 | D:3      | Killed Robin
  1927 | D:3      | Reached XP level 5. HP: 39/43 MP: 5/5
  2091 | D:3      | Noticed Ijyb
  2102 | D:3      | Killed Ijyb
  2103 | D:3      | Reached skill level 5 in Axes
  2312 | D:3      | Found an ancient bone altar of Kikubaaqudgha.
  2325 | D:3      | Found a radiant altar of Vehumet.
  2328 | D:3      | Reached XP level 6. HP: 39/51 MP: 6/6
  2335 | D:3      | Got Vehumet's Tome of Blows
  2394 | D:3      | Found a shimmering blue altar of Sif Muna.
  2397 | D:3      | Reached skill level 6 in Axes
  2523 | D:3      | Noticed Natasha
  2528 | D:3      | Killed Natasha
  2558 | D:3      | Noticed Natasha
  2563 | D:3      | Killed Natasha
  2706 | D:4      | Noticed Sigmund
  2747 | D:4      | Killed Sigmund
  2748 | D:4      | Reached XP level 7. HP: 50/56 MP: 7/7
  2790 | D:4      | Noticed Eustachio
  2850 | D:3      | Noticed Natasha
  2855 | D:3      | Killed Natasha
  2938 | D:4      | Killed Eustachio
  2939 | D:4      | Reached skill level 7 in Axes
  3691 | D:4      | Noticed a wyvern
  3698 | D:4      | Killed a wyvern
  3699 | D:4      | Reached XP level 8. HP: 33/70 MP: 8/8
  4130 | D:5      | Entered Level 5 of the Dungeon
  4161 | D:5      | Found a glowing drain.
  4174 | Sewer    | Entered a sewer
  4224 | Sewer    | Noticed Pargi
  4234 | Sewer    | Killed Pargi
  4432 | D:5      | Reached skill level 8 in Axes
  4724 | D:5      | Reached skill level 5 in Fighting
  5283 | D:5      | Found a broken altar of Ashenzari.
  5294 | D:5      | Found a shadowy altar of Dithmenos.
  5895 | D:6      | Reached XP level 9. HP: 79/80 MP: 9/9
  6589 | D:6      | Reached skill level 9 in Axes
  6883 | D:6      | Found a sparkling altar of Nemelex Xobeh.
  7961 | D:7      | Found a staircase to the Ecumenical Temple.
  7973 | Temple   | Entered the Ecumenical Temple
  7983 | Temple   | Became a worshipper of Gozag Ym Sagoz the Greedy
  8084 | D:7      | Found a runed translucent door.
  8085 | D:7      | Noticed Crazy Yiuf
  8092 | D:7      | Killed Crazy Yiuf
  8557 | D:8      | Noticed a two-headed ogre
  8561 | D:8      | Killed a two-headed ogre
  8602 | D:8      | Reached skill level 10 in Axes
  8605 | D:8      | Noticed a two-headed ogre
  8795 | D:8      | Noticed a two-headed ogre
  8805 | D:8      | Slain by a two-headed ogre

Illustrated notes

Levels and vault maps discovered:
D:1:      zaba_arrival_water, layout_basic,
          hellmonk_ecumenical_altar_arch_garden
D:2:      cheibrodos_helix_gallery, layout_basic, serial_shops,
          nicolae_shop_waterfront, shop, nicolae_shop_hallway_plus, shop,
          basic_altar, kennysheep_generic_room_2
D:3:      layout_loops_ring, palyth_temple_overflow_mages, uniq_natasha,
          uniq_robin, uniq_ijyb
D:4:      layout_gridville, uniq_eustachio, uniq_sigmund
D:5:      minmay_spotlight, layout_basic, jmf_multi_god_temple,
          portal_sewer_entry_f, st_stairs_4
D:6:      layout_layer_cave, nemelex_diamond_rough_becter, minmay_liquid_box
D:7:      layout_loops_corners, minmay_temple_entry_statues_fountains,
          hangedman_decor_growths, david_defended_altar_orc,
          uniq_crazy_yiuf_cottage
D:8:      layout_rooms, overflow_temple_1_default, kennysheep_kite_vault
Temple:   nicolae_temple_bog_church

Skill      XL: |  1  2  3  4  5  6  7  8  9 |
---------------+----------------------------+-----
Axes           | 3 4 5 6 7 8 10 | 10.0
Fighting       | 4 6 8 |  8.1
Throwing       | |  1.7
Dodging        | |  2.1

Action                     |  1- 3 |  4- 6 |  7- 9 || total
---------------------------+-------+-------+-------++-------
  Melee: War axe           |    71 |       |       ||    71
         Tailslap          |     8 |     9 |    49 ||    66
         Morningstar       |    17 |   118 |   408 ||   543
         Punch             |       |       |     1 ||     1
  Throw: Throwing net      |       |       |     9 ||     9
    Use: Scroll            |     3 |       |     6 ||     9
         Potion            |       |       |     3 ||     3
   Stab: Held in net/web   |       |       |     1 ||     1
         Sleeping          |       |       |     2 ||     2
 Armour: Leather armour    |    52 |    60 |   130 ||   242
         Chain mail        |       |       |   100 ||   100
  Dodge: Dodged            |    48 |    62 |   188 ||   298

Table legend: (Time is in decaauts)
 A = Elapsed time spent in this place.
 B = Non-inter-level travel time spent in this place.
 C = Inter-level travel time spent in this place.
 D = Time resting spent in this place.
 E = Time spent auto-exploring this place.
 F = Levels seen in this place.
 G = Mean time per level.
                   A        B        C        D        E       F      G
               +--------+--------+--------+--------+--------+-----+--------+
         Total |   8972 |   8715 |    257 |    972 |   6085 |  10 |  897.2 |
       Dungeon |   8842 |   8603 |    239 |    972 |   6054 |   8 | 1105.2 |
        Temple |     20 |      2 |     18 |      0 |      0 |   1 |   20.0 |
         Sewer |    109 |    109 |      0 |      0 |     31 |   1 |  109.0 |
               +--------+--------+--------+--------+--------+-----+--------+

Top non-repeatable levels by time:
     D:5: 1669 daAuts
     D:7: 1591 daAuts
     D:4: 1398 daAuts
     D:3: 1344 daAuts
     D:6: 1246 daAuts
     D:2: 947 daAuts
     D:1: 535 daAuts
     D:8: 111 daAuts
   Sewer: 109 daAuts
  Temple: 20 daAuts
